 Dungeon Crawl Stone Soup version 0.21-a0-238-geb0acef (webtiles) character file.

5701 Kidiri the Thaumaturge (level 10, -4/56 HPs)
             Began as a Deep Elf Fire Elementalist on Sept 2, 2017.
             Was a Priest of Vehumet.
             Slain by a centaur warrior (14 damage)
             ... on level 9 of the Dungeon.
             The game lasted 00:42:53 (10505 turns).

Kidiri the Thaumaturge (DEFE)                      Turns: 10505, Time: 00:42:53

Health: -4/56      AC:  6    Str:  5    XL:     10   Next: 48%
Magic:  12/26      EV: 15    Int: 24    God:    Vehumet [***...]
Gold:   604        SH:  5    Dex: 15    Spells: 3/30 levels left

rFire    + . .     SeeInvis .   D - +5 dagger
rCold    + . .     Gourm    +   w - +0 buckler
rNeg     . . .     Faith    .   a - +1 robe
rPois    .         Spirit   .   (helmet restricted)
rElec    .         Reflect  .   B - scarf {rC+ rF+}
rCorr    +         Harm     .   (no gloves)
MR       +....                  y - +0 pair of boots
Stlth    ++........             A - amulet of the gourmand
HPRegen  0.18/turn              m - ring of resist corrosion
MPRegen  0.20/turn              (no ring)

@: about to teleport
A: beak, yellow scales 1
a: Renounce Religion


You were on level 9 of the Dungeon.
You worshipped Vehumet.
Vehumet was most pleased with you.
You were full.

You visited 2 branches of the dungeon, and saw 10 of its levels.

You collected 604 gold pieces.

Inventory:

Hand Weapons
 r - the +8 lance "Wyrmbane" {slay drac, rPois rF+ rC+ AC+3}
   (You found it on level 4 of the Dungeon)

   It affects your AC (+3).
   It protects you from fire.
   It protects you from cold.
   It protects you from poison.
 D - a +5 dagger (weapon)
Armour
 a - a +1 robe (worn)
 w - a +0 buckler (worn)
 y - a +0 pair of boots (worn)
 B - a scarf of resistance (worn)
Jewellery
 m - a ring of resist corrosion (left hand)
 u - the amulet "Duycwof" {Inacc Str+4}
   (You found it on level 9 of the Dungeon)

   [amulet of inaccuracy]

   It reduces the accuracy of all your attacks.
   It affects your strength (+4).
 A - an amulet of the gourmand (around neck)
Wands
 x - a wand of clouds (6/9)
Scrolls
 b - a scroll of remove curse
 f - 2 scrolls of magic mapping
 g - a scroll of teleportation
 h - a scroll of recharging
 v - a scroll of immolation
 F - a scroll of random uselessness {unknown}
Potions
 d - 2 potions of heal wounds
 e - a potion of brilliance
 j - 7 potions of curing {unknown}
 k - 2 potions of resistance
 l - a potion of lignification
 n - 3 potions of agility
 o - a potion of cancellation
 q - a potion of might
 s - 2 potions of flight
 t - 2 potions of haste
 E - a potion of invisibility {unknown}
Books
 C - a book of Clouds

   Spells                             Type                      Level
   a - Poisonous Vapours              Poison/Air                   2
   b - Mephitic Cloud                 Conjuration/Poison/Air       3
   c - Conjure Flame                  Conjuration/Fire             3
   d - Freezing Cloud                 Conjuration/Ice/Air          6
   e - Ring of Flames                 Charms/Fire                  7
Comestibles
 c - 10 bread rations
 i - a meat ration
 p - a fruit
 z - a royal jelly
 G - 5 chunks of flesh


   Skills:
 + Level 3.3 Fighting
 + Level 4.2 Short Blades
 + Level 3.3 Armour
 + Level 5.9 Dodging
 - Level 2.4 Stealth
 + Level 2.9 Shields
 * Level 10.5 Spellcasting
 + Level 5.9 Conjurations
 + Level 6.7 Fire Magic
 + Level 3.4 Ice Magic
 + Level 3.7 Air Magic
 + Level 3.1 Poison Magic


You had 3 spell levels left.
You knew the following spells:

 Your Spells              Type           Power        Failure   Level  Hunger
a - Flame Tongue          Conj/Fire      #####        1%          1    None
b - Throw Flame           Conj/Fire      #####.       1%          2    None
c - Conjure Flame         Conj/Fire      #####...     1%          3    None
d - Inner Flame           Hex/Fire       ####....     1%          3    None
e - Ignite Poison         Fire/Tmut/Pois ####....     1%          3    None
f - Sticky Flame          Conj/Fire      #####...     1%          4    None
g - Fireball              Conj/Fire      #####.....   3%          5    ####...
h - Throw Frost           Conj/Ice       #####.       1%          2    None
i - Shock                 Conj/Air       ####         1%          1    None
j - Mephitic Cloud        Conj/Pois/Air  ####....     1%          3    None


Dungeon Overview and Level Annotations

Branches:
Dungeon (9/15)             Temple (1/1) D:4
   Lair: D:8-11         Orc: D:9-12

Altars:
Ashenzari
Cheibriados
Dithmenos
Elyvilon
Fedhas
Gozag
Hepliaklqana
Kikubaaqudgha
Makhleb
Nemelex Xobeh
Okawaru
Qazlal
Ru
Sif Muna
Trog
Uskayaw
Vehumet
Wu Jian
Xom
Yredelemnul
Zin
The Shining One

Shops:
D:7 :


Innate Abilities, Weirdness & Mutations

You have a beak for a mouth.
You are partially covered in yellow scales. (AC +2)


Message History

Press: ? - help, Shift-Dir - straight line, f - centaur warrior, p - warg
Aim: a centaur warrior (moderately wounded, covered in liquid flames)
The flame tongue hits the centaur warrior.
The centaur warrior is heavily wounded.
The warg burns!
The centaur warrior burns!
You block the centaur warrior's attack. The warg closely misses you.
You block the centaur warrior's attack. The warg bites you.
* * * LOW HITPOINT WARNING * * *
Unknown command.
Unknown command.
Casting: Flame Tongue
Confirm with . or Enter, or press ? or * to list all spells.
Aiming: Flame Tongue
Press: ? - help, Shift-Dir - straight line, f/p - centaur warrior
Aim: a centaur warrior (heavily wounded, covered in liquid flames)
The flame tongue hits the centaur warrior.
The centaur warrior is heavily wounded.
The warg burns!
The warg stops burning.
The centaur warrior burns!
The centaur warrior hits you!
You die...

##.## #...#
#########)..####
#...............
#.#####[........
# #.# #>......##
####.## #.#
###...#.#
.....ha#######.#
#...#.##
#..S{ยง(hZh@c.#
##......
#...oo##########
####.## .h...
#.# (P.. #.# ...
#.# .. #.# P
#.## #..# ##.#


You could see a centaur warrior (burning), 2 wargs, a black bear, a worker ant
(inner flame), an orc wizard, an adder and a wyvern zombie.

Vanquished Creatures
  A hydra (D:8)
  A two-headed ogre (D:8)
  Psyche (D:8)
  Prince Ribbit (D:8)
  A spriggan (D:7)
  A wraith (D:8)
  A hungry ghost (D:9)
  An orc warrior (D:6)
  An ice beast (D:6)
  A hornet zombie (D:7)
  2 necrophages (D:5)
  4 phantoms
  3 ogres
  6 centaurs
  2 bullfrogs
  A wyvern zombie (D:8)
  2 scorpions
  A water moccasin skeleton (D:5)
  4 wights (D:8)
  6 killer bees (D:8)
  A crimson imp (D:5)
  A bullfrog zombie (D:8)
  2 centaur zombies (D:8)
  A quasit (D:7)
  A hound (D:6)
  5 orc priests
  5 jellies
  A bullfrog skeleton (D:6)
  An iguana (D:7)
  5 orc wizards
  4 worker ants
  4 hound skeletons
  3 gnolls (D:4)
  A howler monkey skeleton (D:6)
  12 adders
  A shadow imp (D:7)
  An ooze (D:2)
  2 worms (D:2)
  4 dart slugs
  11 leopard geckos
  29 orcs
  3 ball pythons
  6 giant cockroaches
  2 gnoll zombies (D:2)
  9 goblins
  11 hobgoblins
  11 jackals
  7 quokkas
  A bat (D:3)
  8 frilled lizards
  6 kobolds
  A quokka skeleton (D:7)
  10 rats
211 creatures vanquished.

Vanquished Creatures (collateral kills)
  An orc wizard (D:6)
1 creature vanquished.

Grand Total: 212 creatures vanquished

Notes
Turn   | Place    | Note
-------+----------+-------------------------------------------
     0 | D:1      | Kidiri the Deep Elf Fire Elementalist began the quest for the Orb.
     0 | D:1      | Reached XP level 1. HP: 10/10 MP: 6/6
   271 | D:1      | Reached XP level 2. HP: 15/15 MP: 1/8
   275 | D:1      | Learned a level 2 spell: Throw Flame
   924 | D:2      | Reached skill level 4 in Spellcasting
   924 | D:2      | Reached XP level 3. HP: 19/19 MP: 6/10
   929 | D:2      | Learned a level 3 spell: Conjure Flame
   933 | D:2      | Learned a level 3 spell: Inner Flame
  1555 | D:2      | Reached XP level 4. HP: 24/24 MP: 12/12
  1820 | D:2      | Gained mutation: You occasionally shout uncontrollably at your foes. [potion of mutation]
  1820 | D:2      | Gained mutation: You are resistant to hostile enchantments. (MR+) [potion of mutation]
  1820 | D:2      | Gained mutation: You are partially covered in yellow scales. (AC +2) [potion of mutation]
  1837 | D:2      | Reached skill level 5 in Spellcasting
  1906 | D:2      | Learned a level 4 spell: Sticky Flame
  2157 | D:2      | Found a basalt altar of Yredelemnul.
  2938 | D:3      | Found a white marble altar of Elyvilon.
  3053 | D:3      | Found a glowing golden altar of the Shining One.
  3118 | D:3      | Reached XP level 5. HP: 4/28 MP: 5/15
  3322 | D:3      | Found a glowing silver altar of Zin.
  3758 | D:4      | Reached skill level 6 in Spellcasting
  3909 | D:4      | Found a staircase to the Ecumenical Temple.
  3923 | D:4      | Reached XP level 6. HP: 13/32 MP: 7/17
  3932 | D:4      | Learned a level 5 spell: Fireball
  4037 | D:4      | Found the +8 lance "Wyrmbane" {slay drac, rPois rF+ rC+ AC+3}
  4044 | Temple   | Entered the Ecumenical Temple
  4245 | Temple   | Became a worshipper of Vehumet
  4300 | D:4      | Lost mutation: You occasionally shout uncontrollably at your foes. [potion of mutation]
  4300 | D:4      | Lost mutation: You are resistant to hostile enchantments. (MR+) [potion of mutation]
  4300 | D:4      | Gained mutation: You are partially covered in iridescent scales. (AC +2) [potion of mutation]
  4300 | D:4      | Lost mutation: You are partially covered in iridescent scales. (AC +2) [potion of mutation]
  4300 | D:4      | Gained mutation: You have a beak for a mouth. [potion of mutation]
  4586 | D:5      | Entered Level 5 of the Dungeon
  4613 | D:5      | Reached skill level 7 in Spellcasting
  4658 | D:5      | Reached skill level 1 in Fighting
  4883 | D:5      | Reached skill level 1 in Armour
  4883 | D:5      | Reached skill level 5 in Fire Magic
  4883 | D:5      | Reached XP level 7. HP: 38/38 MP: 12/19
  4953 | D:5      | Reached skill level 1 in Short Blades
  5052 | D:5      | Reached * piety under Vehumet
  5052 | D:5      | Offered knowledge of Shock by Vehumet.
  5162 | D:5      | Learned a level 1 spell: Shock
  5205 | D:5      | Got a twisted great sword
  5206 | D:5      | Identified the cursed +0 great sword "Taselaep" {antimagic, *Slow rC+ rN+} (You found it on level 5 of the Dungeon)
  5391 | D:5      | Reached skill level 8 in Spellcasting
  5662 | D:5      | Reached XP level 8. HP: 44/44 MP: 5/22
  6329 | D:6      | Reached skill level 1 in Air Magic
  6470 | D:6      | Learned a level 3 spell: Mephitic Cloud
  6687 | D:6      | Reached skill level 1 in Shields
  6724 | D:6      | Offered knowledge of Throw Frost by Vehumet.
  6728 | D:6      | Learned a level 2 spell: Throw Frost
  6746 | D:6      | Reached ** piety under Vehumet
  7093 | D:6      | Reached skill level 9 in Spellcasting
  7198 | D:6      | Reached skill level 1 in Ice Magic
  7299 | D:7      | Found an opulent altar of Gozag.
  7389 | D:7      | Found Fuet Ser's Book Shoppe.
  7504 | D:7      | Reached skill level 1 in Poison Magic
  7504 | D:7      | Reached XP level 9. HP: 46/49 MP: 20/24
  7777 | D:7      | Reached skill level 5 in Conjurations
  7779 | D:7      | Offered knowledge of Dazzling Spray by Vehumet.
  7921 | D:7      | Reached skill level 5 in Dodging
  8494 | D:8      | Noticed Psyche
  8498 | D:8      | Killed Psyche
  8556 | D:8      | Noticed a two-headed ogre
  8570 | D:8      | Killed a two-headed ogre
  8570 | D:8      | Reached *** piety under Vehumet
  8797 | D:8      | Reached skill level 10 in Spellcasting
  8800 | D:8      | Reached XP level 10. HP: 56/56 MP: 7/26
  8883 | D:8      | Noticed a seven-headed hydra
  9145 | D:8      | Identified a scroll of acquirement
  9218 | D:8      | Offered knowledge of Ignite Poison by Vehumet.
  9223 | D:8      | Learned a level 3 spell: Ignite Poison
  9322 | D:8      | Noticed Prince Ribbit
  9325 | D:8      | Killed Prince Ribbit
  9507 | D:8      | Found a shimmering altar of Xom.
  9508 | D:8      | Found a deep blue altar of Sif Muna.
  9508 | D:8      | Found a sacrificial altar of Ru.
  9670 | D:8      | HP: 1/56 [seven-headed hydra (5)]
  9673 | D:8      | Killed a seven-headed hydra
 10419 | D:9      | Got a scorched emerald amulet
 10421 | D:9      | Identified the amulet "Duycwof" {Inacc Str+4} (You found it on level 9 of the Dungeon)
 10497 | D:9      | Noticed a centaur warrior
 10505 | D:9      | Slain by a centaur warrior

Vault maps used:
D:1:      minmay_arrival_nine_rooms, minmay_cupped
D:2:      lemuel_zombie_altar_yredelemnul, kennysheep_big_empty_room
D:3:      cheibrodos_greedy_goblins, nicolae_tso_carved_into_rock,
          lemuel_doored_altar, first_bread, elyvilon_altar_1
D:4:      minmay_temple_entry_junction
D:6:      minivault_14
D:7:      kennysheep_mini_moat, serial_shops, shop, the_bakery, minivault_1
D:8:      minmay_distorted_concentric_squares, minitemple, uniq_prince_ribbit1,
          uniq_psyche
D:9:      erik_lair_orcish_takeover, serial_shops, kennysheep_little_box
Temple:   regret_index_temple_generic_petals

Skill      XL: |  1  2  3  4  5  6  7  8  9 10 |
---------------+-------------------------------+-----
Spellcasting   | 4 5 6 7 8 9 10 | 10.5
Conjurations   | 2 3 4 5 |  5.9
Fire Magic     | 4 5 6 |  6.7
Fighting       | 1 2 3 |  3.3
Dodging        | 3 4 5 |  5.9
Armour         | 1 2 3 |  3.3
Short Blades   | 1 2 3 4 |  4.2
Air Magic      | 1 3 |  3.7
Shields        | 1 2 |  2.9
Ice Magic      | 1 2 3 |  3.4
Poison Magic   | 1 2 3 |  3.1
Stealth        | |  2.4

Action                   |  1- 3 |  4- 6 |  7- 9 | 10-12 || total
-------------------------+-------+-------+-------+-------++-------
Melee: Whip              |    15 |    74 |       |       ||    89
       Unarmed           |     1 |       |       |       ||     1
       Lance             |       |    14 |    74 |    20 ||   108
       Peck              |       |     1 |     5 |     5 ||    11
       Dagger            |       |       |       |    14 ||    14
 Cast: Flame Tongue      |    45 |    59 |    89 |    53 ||   246
       Throw Flame       |     3 |     5 |    19 |     4 ||    31
       Conjure Flame     |       |    13 |     5 |     4 ||    22
       Inner Flame       |       |     8 |     5 |     1 ||    14
       Sticky Flame      |       |     1 |    20 |    10 ||    31
       Fireball          |       |       |     1 |     5 ||     6
       Shock             |       |       |    11 |     2 ||    13
  Use: Scroll            |     4 |     9 |    11 |     5 ||    29
       Potion            |       |     2 |     1 |       ||     3
 Stab: Sleeping          |       |     2 |     2 |     3 ||     7
       Distracted        |       |       |     1 |     1 ||     2
  Eat: Chunk             |     2 |     7 |    18 |     6 ||    33
       Royal jelly       |       |     2 |     1 |       ||     3
       Fruit             |       |       |     3 |       ||     3
Armor: Robe              |     5 |     9 |    26 |    15 ||    55
Dodge: Dodged            |    18 |    67 |   122 |    45 ||   252
Block: Buckler           |       |       |       |    19 ||    19

Table legend:
 A = Spawn XP
 B = Non-spawn XP
 C = Spawn XP percentage of total XP
 D = Spawn monster count
 E = Non-spawn monster count
 F = Spawn count percentage of total count
 G = Total turns spent on level
                    A         B        C        D         E        F      G
               +---------+---------+-------+---------+---------+-------+---------
         Total |    1135 |    7010 |  13.9 |      40 |     172 |  18.9 | 10505
               +---------+---------+-------+---------+---------+-------+---------
           D:1 |       5 |      28 |  15.2 |       4 |      16 |  20.0 |   979
           D:2 |       1 |     110 |   0.9 |       1 |      27 |   3.6 |  1357
           D:3 |      12 |      95 |  11.2 |       7 |      26 |  21.2 |  1342
           D:4 |      43 |     233 |  15.6 |       5 |      17 |  22.7 |   805
           D:5 |     384 |     602 |  38.9 |       9 |      13 |  40.9 |  1438
           D:6 |     271 |     889 |  23.4 |       5 |      26 |  16.1 |  1153
           D:7 |      93 |     859 |   9.8 |       2 |      19 |   9.5 |  1406
           D:8 |     326 |    3874 |   7.8 |       7 |      25 |  21.9 |  1581
           D:9 |       0 |     320 |   0.0 |       0 |       3 |   0.0 |   209
               +---------+---------+-------+---------+---------+-------+---------
